 Dungeon Crawl Stone Soup version 0.30-a0-715-gdb4ae3ece1 (webtiles) character file.

Game seed: 11354322400222853454

318 browni3141 the Caller (level 6, -5/55 HPs)
             Began as a Naga Summoner on Jan 24, 2023.
             Slain by an ogre
             ... wielding a +0 giant spiked club
              (29 damage)
             ... on level 4 of the Dungeon.
             The game lasted 00:06:40 (3016 turns).

browni3141 the Caller (Naga Summoner)               Turns: 3016, Time: 00:06:40

Health: -5/55      AC:  3    Str: 10    XL:     6   Next: 45%
Magic:  10/10      EV: 10    Int: 17    God:
Gold:   183        SH:  0    Dex: 12    Spells: 2/11 levels left

rFire   . . .      SeeInvis +    j - +0 spear
rCold   . . .      Faith    .    (no shield)
rNeg    . . .      Spirit   .    a - +0 robe
rPois   +          Reflect  .    (no helmet)
rElec   .          Harm     .    (no cloak)
rCorr   .          Rampage  .    (no gloves)
Will    .....                    (no barding)
Stlth   ++                       (no amulet)
HPRegen 0.29/turn                (no ring)
MPRegen 0.12/turn                (no ring)

@: very slightly contaminated, very slow
A: AC +2, large, see invisible, deformed body, poison resistance, slowness 2,
spit poison 1, naga tail 1
a: Spit Poison


You were on level 4 of the Dungeon.
You visited 1 branch of the dungeon, and saw 4 of its levels.

You collected 183 gold pieces.

Inventory:

Hand Weapons
 e - a +0 short sword
 j - a +0 spear (weapon)
Armour
 a - a +0 robe (worn)
Scrolls
 c - a scroll of teleportation
 f - a scroll of blinking {unknown}
 g - a scroll of vulnerability
 i - a scroll of fog
 k - a scroll of magic mapping {unknown}
Potions
 b - a potion of magic
 d - 3 potions of curing
 h - 2 potions of resistance


   Skills:
 + Level 2.7 Fighting
 - Level 1.5 Dodging
 - Level 3.0 Stealth
 - Level 3.0 Spellcasting
 - Level 2.0 Hexes
 - Level 6.0 Summonings


You had 2 spell levels left.
You knew the following spells:

 Your Spells              Type           Power      Damage    Failure   Level
a - Summon Small Mammal   Summ           88%        N/A       1%          1
b - Call Imp              Summ           22%        N/A       2%          2
c - Call Canine Familiar  Summ           22%        N/A       4%          3
d - Summon Guardian Gole  Hex/Summ       16%        N/A       10%         3

Your spell library contained the following spells:

 Spells                   Type           Power      Damage    Failure   Level
 Beastly Appendage        Tmut           4%         N/A       17%         1
 Wereblood                Tmut           2%         N/A       26%         2
 Spider Form              Tmut/Pois      2%         N/A       45%         3
 Summon Lightning Spire   Summ/Air       12%        N/A       45%         4


Dungeon Overview and Level Annotations

Branches:
Dungeon (4/15)
 Temple: D:4-7

Altars:
Gozag
Xom

Shops:
D:3 *

Annotations:
D:3 exclusion: downstairs


Innate Abilities, Weirdness & Mutations

Your serpentine skin is tough. (AC +2)
You have supernaturally acute eyesight. (SInv)
Armour fits poorly on your strangely shaped body.
Your system is resistant to poisons. (rPois)
You cover ground very slowly.
You can spit poison.
You have a snake-like lower body.


Message History

The iguana is severely wounded.
Your hound barely misses the iguana.
Your hound bites the iguana.
The iguana dies!
You see here an iguana corpse.
You have got your breath back.
l - a scroll of identify
As you read the scroll of identify, it crumbles to dust.
d - 3 potions of curing
Found 7 gold pieces.
You now have 183 gold pieces (gained 7).
Your hound disappears in a puff of smoke!
An adder and an ogre come into view.
The adder hisses angrily.
The ogre shouts!
You hit the ogre.
The ogre is lightly wounded.
The ogre closely misses you.
Casting: Call Canine Familiar (dangerous; 4% risk of failure)
Confirm with . or Enter, or press ? or * to list all spells.
You miscast Summon Guardian Golem.
You are very lightly contaminated with residual magic.
Nothing appears to happen.
The ogre hits you with a +0 giant spiked club!!
Ouch! That really hurt!
The ogre attacks as you move away! The ogre closely misses you.
Casting: Summon Guardian Golem (dangerous; 10% risk of failure)
Confirm with . or Enter, or press ? or * to list all spells.
You miscast Summon Guardian Golem.
Nothing appears to happen.
Casting: Summon Guardian Golem (dangerous; 10% risk of failure)
Confirm with . or Enter, or press ? or * to list all spells.
A guardian golem appears, shielding your allies.
The adder bites your guardian golem. The ogre barely misses you.
The adder bites your guardian golem.
Casting: Summon Guardian Golem (dangerous; 10% risk of failure)
Confirm with . or Enter, or press ? or * to list all spells.
Okay, then.
Unknown command.
Magic courses through your body.
The ogre hits you with a +0 giant spiked club!!
Ouch! That really hurt!
You die...

#.# #.# #.####.#
#......#
#......#
######.# #.# #.#
#.############.#
#......@O9......
#########S######
.# .# .# ##


You could see an ogre, an adder (ally target) and a friendly guardian golem
(summoned).

Vanquished Creatures
  An orc priest (D:3)
  An iguana (D:4)
  3 adders
  2 orcs (D:3)
  3 endoplasms
  3 giant cockroaches
  3 jackals
  5 quokkas
  5 ball pythons
  6 bats
  5 frilled lizards
  6 kobolds
  4 rats
47 creatures vanquished.

Vanquished Creatures (collateral kills)
  A necrophage (D:2)
  An iguana (D:4)
  2 orc wizards (D:3)
  2 adders
  7 orcs
  2 bats
  4 endoplasms
  A hobgoblin (D:1)
  5 jackals
  A ball python (D:1)
  2 frilled lizards
  2 kobolds
30 creatures vanquished.

Vanquished Creatures (others)
  A plant (D:2)
1 creature vanquished.

Grand Total: 78 creatures vanquished

Notes
Turn   | Place    | Note
-------+----------+-------------------------------------------
     0 | D:1      | browni3141 the Naga Summoner began the quest for the Orb.
     0 | D:1      | Reached XP level 1. HP: 15/15 MP: 3/3
    94 | D:1      | Reached skill level 1 in Fighting
   108 | D:1      | Reached XP level 2. HP: 7/25 MP: 1/5
   190 | D:1      | Learned a level 2 spell: Call Imp
   406 | D:1      | Found a faded altar of an unknown god.
   414 | D:1      | Reached XP level 3. HP: 29/31 MP: 6/6
   696 | D:2      | Learned a level 3 spell: Call Canine Familiar
   767 | D:2      | Noticed a necrophage
   782 | D:2      | Killed a necrophage
   783 | D:2      | Reached skill level 5 in Summonings
   783 | D:2      | Reached XP level 4. HP: 14/38 MP: 2/7
  1306 | D:2      | Reached skill level 6 in Summonings
  1317 | D:2      | Reached XP level 5. HP: 44/44 MP: 5/8
  1871 | D:3      | Found Suxzy's General Store.
  2221 | D:3      | Learned a level 3 spell: Summon Guardian Golem
  2298 | D:3      | Reached skill level 1 in Hexes
  2303 | D:3      | Reached XP level 6. HP: 40/52 MP: 5/10
  2612 | D:3      | Found an opulent altar of Gozag.
  2619 | D:3      | Found a shimmering altar of Xom.
  3016 | D:4      | Slain by an ogre

Illustrated notes

Levels and vault maps discovered:
D:1:      enne_arrival_octagon_isle, layout_rooms, ebering_ecumenical_altar_webs
D:2:      layout_basic, serial_forest, infiniplex_forest_lined_ring,
          infiniplex_forest_end_2, infiniplex_forest_lined_ring,
          infiniplex_forest_straight_5, infiniplex_forest_straight_4,
          infiniplex_forest_clump_diagonal, minivault_25, st_stairs_9
D:3:      layout_loops_cross, minitemple, serial_shops, nicolae_lakefront_shop
D:4:      layout_basic, led_sif_book, lemuel_doored_altar, serial_shops, shop

Skill      XL: |  1  2  3  4  5  6 |
---------------+-------------------+-----
Fighting       | 1 2 |  2.7
Summonings     | 5 6 |  6.0
Spellcasting   | 3 |  3.0
Hexes          | 1 2 |  2.0
Dodging        | |  1.5
Stealth        | |  3.0

Action                     |  1- 3 |  4- 6 || total
---------------------------+-------+-------++-------
  Melee: Unarmed           |    22 |       ||    22
         Short sword       |    37 |    87 ||   124
         Punch             |     1 |     1 ||     2
         Spear             |       |    39 ||    39
   Cast: Summon Small Mamm |    13 |     2 ||    15
         Call Imp          |     7 |    11 ||    18
         Call Canine Famil |       |     7 ||     7
         Summon Guardian G |       |     1 ||     1
Ability: Spit Poison       |    10 |     5 ||    15
    Use: Scroll            |     1 |     4 ||     5
         Potion            |       |     1 ||     1
   Stab: Sleeping          |     4 |     4 ||     8
         Distracted        |     1 |     1 ||     2
 Armour: Robe              |    23 |    37 ||    60
  Dodge: Dodged            |    45 |   101 ||   146

Table legend: (Time is in decaauts)
 A = Elapsed time spent in this place.
 B = Non-inter-level travel time spent in this place.
 C = Inter-level travel time spent in this place.
 D = Time resting spent in this place.
 E = Time spent auto-exploring this place.
 F = Levels seen in this place.
 G = Mean time per level.
                   A        B        C        D        E       F      G
               +--------+--------+--------+--------+--------+-----+--------+
         Total |   3762 |   3586 |    176 |    256 |   2607 |   4 |  940.5 |
       Dungeon |   3762 |   3586 |    176 |    256 |   2607 |   4 |  940.5 |
               +--------+--------+--------+--------+--------+-----+--------+

Top non-repeatable levels by time:
     D:2: 1537 daAuts
     D:3: 1297 daAuts
     D:1: 732 daAuts
     D:4: 195 daAuts
